 Dungeon Crawl Stone Soup version 0.27-a0-951-gae3e1deef5 (webtiles) character file.

Game seed: 14542556310415888297

526 shoop the Grappler (level 7, 0/66 HPs)
             Began as a Troll Chaos Knight on Apr 11, 2021.
             Was a Plaything of Xom.
             Slain by an unseen horror (9 damage)
             ... on level 7 of the Dungeon.
             The game lasted 00:02:45 (1279 turns).

shoop the Grappler (Troll Chaos Knight)             Turns: 1279, Time: 00:02:45

Health: 0/66       AC:  6    Str: 22    XL:     7   Next: 2%
Magic:  6/6        EV:  9    Int:  9    God:    Xom [...*..]
Gold:   114        SH:  0    Dex:  9    Spells: 6/6 levels left

rFire    . . .     SeeInvis .     - Unarmed
rCold    . . .     Faith    .   (no shield)
rNeg     . . .     Spirit   .   a - +2 robe
rPois    .         Reflect  .   (helmet restricted)
rElec    .         Harm     .   (no cloak)
rCorr    .         Rampage  .   (gloves unavailable)
Will     .....                  (boots unavailable)
Stlth    +.........             (no amulet)
HPRegen  1.21/turn              (no ring)
MPRegen  0.10/turn              (no ring)

@: no status effects
A: large, unfitting armour, claws 3, regeneration 1, shaggy fur 1, tough skin 1
a: Renounce Religion


You were on level 7 of the Dungeon.
You worshipped Xom.
You were a favourite toy of Xom.
You visited 1 branch of the dungeon, and saw 6 of its levels.

You collected 114 gold pieces.

Inventory:

Armour
 a - a +2 robe (worn)
Scrolls
 e - 2 scrolls of amnesia {unknown}
 g - a scroll of magic mapping {unknown}
 h - a scroll of vulnerability {unknown}
 j - a scroll of identify {unknown}
Potions
 b - 2 potions of heal wounds {unknown}
 c - a potion of resistance {unknown}
 d - a potion of ambrosia {unknown}
 f - a potion of might {unknown}
 i - a potion of invisibility {unknown}


   Skills:
 - Level 2.4 Fighting
 - Level 1.9 Dodging
 + Level 8.1 Unarmed Combat


You had 6 spell levels left.
You didn't know any spells.
Your spell library contained the following spells:

 Spells                   Type           Power      Damage    Failure   Level
 Corona                   Hex            0%         N/A       38%         1
 Ensorcelled Hibernation  Hex/Ice        0%         N/A       52%         2
 Confusing Touch          Hex            0%         N/A       77%         3
 Dazzling Flash           Conj/Hex       0%         N/A       77%         3
 Gell's Gravitas          Tloc           0%         N/A       77%         3
 Tukima's Dance           Hex            0%         N/A       77%         3
 Petrify                  Tmut/Erth      0%         N/A       99%         4
 Metabolic Englaciation   Hex/Ice        0%         N/A       100%        5
 Yara's Violent Unravell  Hex/Tmut       0%         3d3       100%        5


Dungeon Overview and Level Annotations

Branches:
Dungeon (7/15)             Temple (0/1) D:6

Altars:


Innate Abilities, Weirdness & Mutations

You are too large for most types of armour.
You have claws for hands.
Your natural rate of healing is unusually fast.
You are covered in fur. (AC +1)
You have tough skin. (AC +1)


Message History

No target in view!
No target in view!
No target in view!
Something hits you. Something hits you. Something hits you!
A shadow imp comes into view.
Something hits you. Something hits you! Something hits you but does no damage.
Something hits you.
Found a halberd.
Something hits you. Something hits you but does no damage. Something hits you.
Something hits you! Something hits you. Something hits you.
You swing at nothing.
Something hits you.
* * * LOW HITPOINT WARNING * * *
Something hits you but does no damage.
You claw something! Your claw misses something. Something hits you.
* * * LOW HITPOINT WARNING * * *
You swing at nothing.
Something hits you.
* * * LOW HITPOINT WARNING * * *
You barely miss something. Something hits you.
* * * LOW HITPOINT WARNING * * *
You swing at nothing.
You miss something. Something completely misses you.
You miss something. Something hits you.
* * * LOW HITPOINT WARNING * * *
Found a stone staircase leading down.
You scratch something but do no damage. Something hits you!
* * * LOW HITPOINT WARNING * * *
Something hits you.
* * * LOW HITPOINT WARNING * * *
You miss something. Something hits you but does no damage.
You swing at nothing.
Something hits you but does no damage. Something hits you!
You die... "What!?
That's it?"

#. ### #. #.. ... #.
######.#####.... ..
........<.....?. #.
####.........!# . #.
#..)<......#
....##.######..#.#####.#
....)..@..........# #
#.#..#.#########..# #..
#. ...... # .. #......
... ...... ...> ....
####. ...5 #.


There were no monsters in sight!

Vanquished Creatures
  An ice beast (D:5)
  A centaur (D:5)
  A phantom (D:5)
  A wyvern skeleton (D:6)
  A howler monkey (D:4)
  A jelly (D:6)
  A bullfrog skeleton (D:6)
  A hound skeleton (D:5)
  Robin (D:4)
  A shadow imp (D:7)
  An adder skeleton (D:4)
  3 endoplasms (D:1)
  A giant cockroach (D:1)
  9 goblins (D:4)
  8 hobgoblins
  11 jackals
  A kobold (D:1)
  3 quokkas
  A ball python (D:1)
  2 bats (D:1)
  4 rats (D:1)
54 creatures vanquished.

Vanquished Creatures (collateral kills)
  A scorpion (D:6)
  A jelly (D:6)
  An ufetubus (D:6)
3 creatures vanquished.

Grand Total: 57 creatures vanquished

Notes
Turn   | Place    | Note
-------+----------+-------------------------------------------
     0 | D:1      | shoop the Troll Chaos Knight began the quest for the Orb.
     0 | D:1      | Reached XP level 1. HP: 22/22 MP: 0/0
   204 | D:1      | Reached XP level 2. HP: 29/29 MP: 1/1
   206 | D:1      | XOM: cast spell 'Leda's Liquefaction'
   336 | D:1      | Reached skill level 4 in Unarmed Combat
   472 | D:1      | XOM: silly message
   580 | D:1      | Found a faded altar of an unknown god.
   588 | D:1      | XOM: 2-stop teleportation journey
   670 | D:1      | Reached XP level 3. HP: 35/36 MP: 2/2
   724 | D:2      | You fall into a shaft and drop 2 floors!
   826 | D:4      | Reached XP level 4. HP: 44/44 MP: 3/3
   846 | D:4      | Reached skill level 5 in Unarmed Combat
   849 | D:4      | XOM: confuse monster(s)
   915 | D:4      | Noticed Robin
   922 | D:4      | Killed Robin
   951 | D:5      | Entered Level 5 of the Dungeon
   985 | D:5      | Noticed a centaur
   994 | D:5      | Killed a centaur
   995 | D:5      | Reached skill level 6 in Unarmed Combat
   995 | D:5      | Reached XP level 5. HP: 38/50 MP: 4/4
  1059 | D:5      | Noticed an ice beast
  1074 | D:5      | Killed an ice beast
  1075 | D:5      | Reached XP level 6. HP: 49/59 MP: 5/5
  1109 | D:5      | XOM: 5-stop teleportation journey
  1113 | D:5      | Reached skill level 7 in Unarmed Combat
  1162 | D:6      | XOM: noise
  1166 | D:6      | XOM: cast spell 'Summon Horrible Things'
  1246 | D:6      | Reached skill level 8 in Unarmed Combat
  1246 | D:6      | Reached XP level 7. HP: 59/66 MP: 6/6
  1248 | D:6      | Found a staircase to the Ecumenical Temple.
  1279 | D:7      | Slain by an unseen horror

Illustrated notes

Levels and vault maps discovered:
D:1:      minmay_arrival_widening_spiral_narrow, layout_basic,
          hellmonk_ecumenical_altar_leap_of_faith
D:2:      layout_loops_ring, kennysheep_big_empty_room
D:4:      layout_basic, serial_shops, shop, uniq_grinder, uniq_robin
D:5:      lemuel_ratsnest, layout_loops_ring,
          nicolae_hepliaklqana_ecumenical_no_more
D:6:      layout_basic, minitemple, minmay_temple_entry_arrows
D:7:      layout_basic, serial_shops, shop, minivault_25,
          kennysheep_generic_room_6

Skill      XL: |  1  2  3  4  5  6 |
---------------+-------------------+-----
Unarmed Combat | 4 6 8 |  8.1
Fighting       | |  2.4
Dodging        | |  1.9

Action                   |  1- 3 |  4- 6 |  7- 9 || total
-------------------------+-------+-------+-------++-------
Melee: Unarmed           |    68 |    79 |     7 ||   154
       Punch             |     1 |     1 |       ||     2
 Stab: Sleeping          |     1 |       |       ||     1
       Confused          |       |     1 |       ||     1
Armor: Robe              |    32 |    37 |     6 ||    75
Dodge: Dodged            |    36 |    32 |     1 ||    69

Table legend: (Time is in decaauts)
 A = Elapsed time spent in this place.
 B = Non-inter-level travel time spent in this place.
 C = Inter-level travel time spent in this place.
 D = Time resting spent in this place.
 E = Time spent auto-exploring this place.
 F = Levels seen in this place.
 G = Mean time per level.
                   A        B        C        D        E       F      G
               +--------+--------+--------+--------+--------+-----+--------+
         Total |   1264 |   1212 |     52 |      0 |    904 |   6 |  210.7 |
       Dungeon |   1264 |   1212 |     52 |      0 |    904 |   6 |  210.7 |
               +--------+--------+--------+--------+--------+-----+--------+

Top non-repeatable levels by time:
     D:1: 715 daAuts
     D:4: 221 daAuts
     D:5: 207 daAuts
     D:6: 88 daAuts
     D:7: 25 daAuts
     D:2: 6 daAuts
